 Dungeon Crawl Stone Soup version 0.30-a0-377-g5cb311bc9f (webtiles) character file.

Game seed: 14653604599490216151

48 NinjaNoafa the Caller (level 3, 0/14 HPs)
             Began as a Felid Summoner on Nov 30, 2022.
             Killed from afar by a white imp (9 damage)
             ... with a puff of frost
             ... on level 3 of the Dungeon.
             The game lasted 00:02:39 (2171 turns).

NinjaNoafa the Caller (Felid Summoner)              Turns: 2171, Time: 00:02:40

Health: 0/14       AC:  1    Str:  4    XL:     3   Next: 50%
Magic:  6/8        EV: 17    Int: 18    God:
Gold:   159        SH:  0    Dex: 16    Spells: 2/8 levels left
                                        Lives:  0   Deaths: 0

rFire   . . .      SeeInvis +    (weapon unavailable)
rCold   . . .      Faith    .    (shield unavailable)
rNeg    . . .      Spirit   .    (body armour unavailable)
rPois   .          Reflect  .    (helmet unavailable)
rElec   .          Harm     .    (cloak unavailable)
rCorr   +          Rampage  .    (gloves unavailable)
Will    .....                    (boots unavailable)
Stlth   ++........               (no amulet)
HPRegen 0.22/turn                g - ring of resist corrosion
MPRegen 0.11/turn                p - ring of flight

@: flying, quick
A: very small, claws 1, fangs 3, see invisible, speed 1, shaggy fur 1, stealthy
paws, no weapons or thrown items, no armour, multi-lived
a: no special abilities


You were on level 3 of the Dungeon.
You visited 1 branch of the dungeon, and saw 3 of its levels.

You collected 159 gold pieces.

Inventory:

Jewellery
 g - a ring of resist corrosion (left paw)
 p - a ring of flight (right paw)
Scrolls
 c - a scroll of amnesia {unknown}
 e - 2 scrolls of immolation {unknown}
 h - a scroll of fear {unknown}
 i - a scroll of magic mapping {unknown}
 l - a scroll of silence {unknown}
 m - 2 scrolls of identify {unknown}
 r - a scroll of blinking {unknown}
Potions
 a - a potion of magic
 b - a potion of invisibility {unknown}
 d - a potion of brilliance {unknown}
 f - 2 potions of ambrosia {unknown}
 j - a potion of lignification {unknown}
 k - a potion of might {unknown}
 n - 2 potions of berserk rage {unknown}
 o - a potion of haste {unknown}
 q - a potion of attraction {unknown}


   Skills:
 - Level 2.6 Dodging
 - Level 2.6 Stealth
 + Level 3.0 Spellcasting
 + Level 4.6 Summonings


You had 2 spell levels left.
You knew the following spells:

 Your Spells              Type           Power      Damage    Failure   Level
a - Summon Small Mammal   Summ           76%        N/A       2%          1
b - Call Imp              Summ           19%        N/A       3%          2
c - Call Canine Familiar  Summ           19%        N/A       7%          3

Your spell library contained the following spells:

 Spells                   Type           Power      Damage    Failure   Level
 Sublimation of Blood     Necr           2%         N/A       24%         2
 Summon Guardian Golem    Hex/Summ       11%        N/A       19%         3
 Dazzling Flash           Conj/Hex       4%         N/A       43%         3
 Summon Lightning Spire   Summ/Air       11%        N/A       52%         4
 Petrify                  Tmut/Erth      2%         N/A       85%         4
 Agony                    Necr           2%         N/A       99%         5
 Irradiate                Conj/Tmut      1%         3d12      99%         5
 Silence                  Hex/Air        1%         N/A       99%         5


Dungeon Overview and Level Annotations

Branches:
Dungeon (3/15)

Altars:


Innate Abilities, Weirdness & Mutations

You have sharp claws.
You have razor-sharp teeth.
You have supernaturally acute eyesight. (SInv)
You cover ground quickly. (Speed+)
You are covered in fur. (AC +1)
Your paws help you pounce on unaware monsters.
You are incapable of wielding weapons or throwing items.
You cannot wear armour.
You gain extra lives every three experience levels.


Message History

Key pressed, stopping travel.
Done exploring.
Done exploring.
Done exploring.
Done exploring.
(D) Dungeon
Where to? (Enter - D:3, ? - help)
There is a stone staircase leading down here.
You fly downwards.
There is a stone staircase leading up here.
Key pressed, stopping explore.
Found 3 stones.
Found a stone staircase leading down.
You see here 3 stones.
There is a stone staircase leading down here.
A frilled lizard comes into view.
The frilled lizard hisses angrily.
A frilled lizard is nearby!
Casting: Call Imp (safe; 3% risk of failure)
Confirm with . or Enter, or press ? or * to list all spells.
You swap places.
A white imp comes into view.
You swap places.
Your hound barely misses the frilled lizard.
Your hound bites the frilled lizard.
The frilled lizard dies!
The white imp shouts!
Your hound closely misses the white imp.
Your hound bites the white imp.
Your hound bites the white imp but does no damage.
Your hound bites the white imp.
Your hound bites the white imp.
The white imp gestures at you. The puff of frost hits you.
Your hound completely misses the white imp.
Your hound barely misses the white imp.
The white imp gestures at you. The puff of frost hits you!
Ouch! That really hurt!
You die...

#..##.#### #..##.#
#.....# ##.#### # #.#
##.# #.### ..... #.#.##
##....#########.(..####
.....h5†.@............+
##.....###.####....####
#...#. #.###.#...# #.#
.. #.##.###..# .. ..#
#.#.## ##># # ###
#.##.###..# #.###.#.#.#
#.........# #.........#


You could see a white imp (ally target) and a friendly hound (summoned).

Vanquished Creatures
  A hobgoblin (D:2)
  A frilled lizard (D:1)
  2 rats (D:2)
4 creatures vanquished.

Vanquished Creatures (collateral kills)
  An adder (D:2)
  A dart slug (D:1)
  A ball python (D:1)
  4 bats
  2 endoplasms (D:1)
  2 giant cockroaches
  A goblin (D:1)
  3 hobgoblins
  4 jackals (D:2)
  A kobold (D:1)
  3 quokkas
  A frilled lizard (D:3)
  4 rats (D:1)
28 creatures vanquished.

Grand Total: 32 creatures vanquished

Notes
Turn   | Place    | Note
-------+----------+-------------------------------------------
     0 | D:1      | NinjaNoafa the Felid Summoner began the quest for the Orb.
     0 | D:1      | Reached XP level 1. HP: 7/7 MP: 4/4
   381 | D:1      | Reached XP level 2. HP: 11/11 MP: 3/6
   432 | D:1      | Learned a level 2 spell: Call Imp
  1203 | D:2      | Reached XP level 3. HP: 14/14 MP: 5/8
  1207 | D:2      | Learned a level 3 spell: Call Canine Familiar
  2171 | D:3      | Killed from afar by a white imp

Illustrated notes

Levels and vault maps discovered:
D:1:      ncdulo_lavacross, layout_loops_ring
D:2:      layout_basic
D:3:      layout_loops_corners, uniq_terence, uniq_grinder

Skill      XL: |  1  2  3 |
---------------+----------+-----
Spellcasting   | 3 |  3.0
Dodging        | |  2.6
Stealth        | |  2.6
Summonings     | |  4.6

Action                   || total
-------------------------++-------
Melee: Unarmed           ||    10
       Bite              ||     1
 Cast: Summon Small Mamm ||    40
       Call Imp          ||     7
       Call Canine Famil ||     2
Armor: Skin              ||     4
Dodge: Dodged            ||    36

Table legend: (Time is in decaauts)
 A = Elapsed time spent in this place.
 B = Non-inter-level travel time spent in this place.
 C = Inter-level travel time spent in this place.
 D = Time resting spent in this place.
 E = Time spent auto-exploring this place.
 F = Levels seen in this place.
 G = Mean time per level.
                   A        B        C        D        E       F      G
               +--------+--------+--------+--------+--------+-----+--------+
         Total |   1858 |   1754 |    104 |      0 |   1376 |   3 |  619.3 |
       Dungeon |   1858 |   1754 |    104 |      0 |   1376 |   3 |  619.3 |
               +--------+--------+--------+--------+--------+-----+--------+

Top non-repeatable levels by time:
     D:1: 995 daAuts
     D:2: 808 daAuts
     D:3: 54 daAuts
